 Dungeon Crawl Stone Soup version 0.20-a0-465-g6513c8f (webtiles) character file.

193 kidcy the Slasher (level 5, -7/43 HPs)
             Began as a Barachian Fighter on Jan 12, 2017.
             Killed by divine providence
             ... invoked by an orc priest
              (13 damage)
             ... on level 3 of the Dungeon.
             The game lasted 00:05:45 (2762 turns).

kidcy the Slasher (Barachian Fighter)               Turns: 2762, Time: 00:05:46

Health: -7/43      AC:  7    Str: 14    XL:     5   Next: 72%
Magic:  5/5        EV:  6    Int:  6    God:
Gold:   90         SH:  8    Dex: 12    Spells: 4/4 levels left

rFire  . . .     SeeInvis .     a - +0 long sword
rCold  . . .     Gourm    .     b - +0 scale mail
rNeg   . . .     Faith    .     c - +0 shield
rPois  .         Spirit   .     (no helmet)
rElec  .         Reflect  .     (no cloak)
rCorr  +         Harm     .     (no gloves)
MR     .....                    (no boots)
Stlth  ..........               (no amulet)
                                (no ring)
                                g - ring of resist corrosion

@: slow
A: swims, slowness 1, strong legs 1
a: Hop


You were on level 3 of the Dungeon.
You were not hungry.

You visited 1 branch of the dungeon, and saw 3 of its levels.

You collected 90 gold pieces.

Inventory:

Hand Weapons
 a - a +0 long sword (weapon)
Armour
 b - a +0 scale mail (worn)
 c - a +0 shield (worn)
Jewellery
 g - a ring of resist corrosion (left hand)
Scrolls
 e - 4 scrolls of teleportation {unknown}
 h - 3 scrolls of identify {unknown}
 j - 2 scrolls of remove curse {unknown}
 k - 2 scrolls of fear {unknown}
 l - a scroll of immolation {unknown}
Potions
 d - a potion of haste {unknown}
 m - a potion of curing {unknown}
Comestibles
 f - 4 bread rations
 i - 5 chunks of flesh
 n - 8 fruits


   Skills:
 + Level 4.4 Fighting
 * Level 4.5 Long Blades
 + Level 4.5 Armour
 - Level 3.0 Shields


You had 4 spell levels left.
You didn't know any spells.

Dungeon Overview and Level Annotations

Branches:
Dungeon (3/15)

Altars:


Innate Abilities, Weirdness & Mutations

You can swim through water.
You cover ground slowly.
You can hop short distances.


Message History

You are too injured to fight recklessly!
You are too injured to fight recklessly!
You are too injured to fight recklessly!
You barely miss the orc priest.
The orc priest is moderately wounded.
The orc priest barely misses you.
You riposte.
Your shield and scale mail prevent you from hitting the orc priest.
The orc priest is moderately wounded.
You closely miss the orc priest.
The orc priest is moderately wounded.
The orc priest invokes the aid of Beogh against you.
Beogh smites you!
* * * LOW HITPOINT WARNING * * *
You hit the orc priest but do no damage.
The orc priest is moderately wounded.
The orc priest hits you with a whip.
* * * LOW HITPOINT WARNING * * *
The orc priest calls down the wrath of Beogh upon you.
Beogh smites you!
You die...

#)............##.#
#....###.......)..
###### #.......##.
#######.........
#.(...........##
#####.#####.......#
#.....#####.......#
#.#####..........##
#.)@o...####.....##
######### #.......#
#....(..# #.......#
##.(...## ##...##
#####


You could see an orc priest.

Vanquished Creatures
  An iguana (D:3)
  Ijyb (D:3)
  2 adders (D:2)
  3 gnolls (D:3)
  6 worms
  A dart slug (D:1)
  2 leopard geckos (D:1)
  4 orcs (D:3)
  3 giant cockroaches (D:2)
  6 goblins
  5 hobgoblins
  6 jackals
  3 quokkas
  7 bats
  5 frilled lizards
  8 kobolds
  6 rats
69 creatures vanquished.

Notes
Turn   | Place    | Note
-------+----------+-------------------------------------------
     0 | D:1      | kidcy the Barachian Fighter began the quest for the Orb.
     0 | D:1      | Reached XP level 1. HP: 18/18 MP: 1/1
   114 | D:1      | Reached XP level 2. HP: 24/24 MP: 2/2
   497 | D:1      | Reached XP level 3. HP: 21/29 MP: 3/3
   743 | D:2      | HP: 1/29 [poisoned by an adder]
  1565 | D:2      | You fall through a shaft!
  1570 | D:3      | Reached XP level 4. HP: 32/37 MP: 4/4
  1585 | D:3      | Noticed Ijyb
  1603 | D:3      | Killed Ijyb
  2418 | D:3      | Reached XP level 5. HP: 41/42 MP: 5/5
  2762 | D:3      | Killed from afar by an orc priest

Vault maps used:
D:1:      mushboom_english_gardens, serial_curves, eino_curves_04,
          eino_curves_04, minmay_tree_intersection
D:2:      first_bread, kennysheep_cross_room, grunt_decor_cap, dk_vineyard_2
D:3:      interstate_on_off, corexii_corridor_pit, uniq_iyjb

Skill      XL: |  1  2  3  4 |
---------------+-------------+-----
Long Blades    | 3 4 |  4.5
Armour         | 4 |  4.5
Fighting       | 4 |  4.4
Shields        | |  3.0

Action                   |  1- 3 |  4- 6 || total
-------------------------+-------+-------++-------
Melee: Long sword        |   147 |   173 ||   320
  Use: Potion            |     1 |     1 ||     2
  Eat: Chunk             |     3 |     5 ||     8
Armor: Scale mail        |    81 |    84 ||   165
Dodge: Dodged            |    40 |    48 ||    88
Block: Shield            |    85 |    83 ||   168
       Rpst.: Long sword |    16 |    17 ||    33
